 Dungeon Crawl Stone Soup version 0.31-a0-232-gb1c03b2570 (webtiles) character file.

Game seed: 18298699871202840640

123 qw the Shooter (level 4, -3/36 HPs)
             Began as a Minotaur Hexslinger on July 6, 2023.
             Killed by divine providence
             ... invoked by an orc priest
              (12 damage)
             ... on level 4 of the Dungeon.
             The game lasted 00:00:47 (2323 turns).

qw the Shooter (Minotaur Hexslinger)                Turns: 2323, Time: 00:00:47

Health: -3/36      AC:  9    Str: 13    XL:     4   Next: 79%
Magic:  4/4        EV: 11    Int: 16    God:
Gold:   191        SH:  0    Dex: 14    Spells: 4/5 levels left

rFire   . . .        b - +1 sling (heavy)
rCold   . . .        (no shield)
rNeg    . . .        a - +0 ring mail
rPois   .            (helmet restricted)
rElec   +            (no cloak)
rCorr   .            c - +1 pair of gloves "Plog" {Contam rElec Int+6 Stlth+}
SInv    .            j - +1 pair of boots of Honour {rElec}
Will    .....        (no amulet)
Stlth   ++           (no ring)
HPRegen 0.26/turn    (no ring)
MPRegen 0.09/turn

%: no passive effects
@: no status effects
A: horns 2, retaliatory headbutt
a: no special abilities


You were on level 4 of the Dungeon.
You visited 1 branch of the dungeon, and saw 4 of its levels.

You collected 191 gold pieces.


Innate Abilities, Weirdness & Mutations

You have a pair of horns on your head.
You reflexively headbutt those who attack you in melee.


   Skills:
 + Level 2.1 Fighting
 - Level 5.2 Ranged Weapons
 - Level 1.0 Armour
 - Level 2.1 Dodging
 - Level 1.0 Spellcasting
 - Level 2.0 Hexes


You had 4 spell levels left.
You knew the following spells:

 Your Spells              Type           Power      Damage    Failure   Level
a - Slow                  Hex            28%        N/A       22%         1

Your spell library contained the following spells:

 Spells                   Type           Power      Damage    Failure   Level
 Inner Flame              Hex/Fire       4%         N/A       67%         3
 Portal Projectile        Hex/Tloc       8%         N/A       67%         3
 Cause Fear               Hex            3%         N/A       91%         4

Inventory:

Hand Weapons
 b - a +1 heavy sling (weapon)
Armour
 a - a +0 ring mail (worn)
 c - the +1 pair of gloves "Plog" (worn) {Contam rElec Int+6 Stlth+}
   (You acquired it on level 3 of the Dungeon)

   Int:       It affects your intelligence (+6).
   rElec:     It insulates you from electricity.
   Contam:    It causes magical contamination when unequipped.
   Stlth:     It makes you more stealthy.
 j - the +1 pair of boots of Honour (worn) {rElec}
   (You acquired it on level 3 of the Dungeon)

   rElec:     It insulates you from electricity.
Potions
 d - a potion of heal wounds {unknown}
 e - a potion of haste {unknown}
 f - a potion of magic {unknown}
 g - a potion of curing
 i - a potion of mutation {unknown}
 k - a potion of enlightenment {unknown}

Dungeon Overview and Level Annotations

Branches:
Dungeon (4/15)
 Temple: D:4-7

Altars:
Ashenzari


Message History

The sling bullet completely misses the orc priest.
The sling bullet hits the orc priest!
The orc priest is heavily wounded.
An orc wizard comes into view. It is wielding a +0 dagger.
An orc comes into view. It is wielding a +0 club.
A scorpion comes into view.
You shoot a sling bullet.
The sling bullet completely misses the orc priest.
The orc shouts!
The orc wizard shouts!
The sling bullet hits the orc priest!
You kill the orc priest!
The orc wizard gestures wildly while chanting.
The orc wizard flickers and vanishes!
Deactivating autopickup; reactivate with Ctrl-A.
You hear a shout!
Your Ranged Weapons skill increases to level 5!
You shoot a sling bullet. The sling bullet hits the orc priest.
The orc priest is heavily wounded.
The orc priest calls down the wrath of Beogh upon you.
Beogh smites you! The endoplasm misses you. The endoplasm freezes you.
You are frozen.
A puff of flame appears from out of thin air!
The puff of flame hits you but does no damage.
The orc priest mumbles some strange prayers to Beogh against you.
Beogh smites you!
You shoot a sling bullet. The sling bullet hits the orc priest.
The orc priest is severely wounded.
The orc priest hits you with a +0 mace. The endoplasm freezes you.
You are frozen.
The endoplasm hits you but does no damage.
The orc priest hits you with a +0 mace.
You shoot a sling bullet.
The sling bullet hits the orc priest but does no damage.
The orc priest is severely wounded.
The scorpion barely misses you.
The orc priest mumbles some strange prayers to Beogh against you.
Beogh smites you!
You die...

.. .....:...# ....
.......... .....#
#.........
........##.)......
.......(........#
............o..
#.........sJ#
.#........o@# ..
...........##....
.................#
........<.........
....(...###.....#.
............###.#
##............. ..
.....>......##. .
...?.........)


You could see a scorpion, an orc priest, an orc and an endoplasm.

Vanquished Creatures
  A hound (D:2)
  An orc priest (D:4)
  A dart slug (D:1)
  4 bats
  6 endoplasms
  6 giant cockroaches
  7 goblins
  4 hobgoblins
  3 quokkas
  3 ball pythons
  2 frilled lizards
  9 kobolds
  9 rats
56 creatures vanquished.

Notes
Turn   | Place    | Note
-------+----------+-------------------------------------------
     0 | D:1      | qw the Minotaur Hexslinger began the quest for the Orb.
     0 | D:1      | Reached XP level 1. HP: 16/16 MP: 1/1
     0 | D:1      | 0 ||| qw: Version: 0.3-a-46-gb1f654a
     0 | D:1      | 0 ||| qw: Game counter: 2067
     0 | D:1      | 0 ||| qw: Melee chars always use a shield: true
     0 | D:1      | 0 ||| qw: God list: Okawaru
     0 | D:1      | 0 ||| qw: Allow faded altars: false
     0 | D:1      | 0 ||| qw: Do Orc after clearing Dungeon:15 true
     0 | D:1      | 0 ||| qw: Do second Lair branch before Depths: true
     0 | D:1      | 0 ||| qw: Lair rune preference: random
     0 | D:1      | 0 ||| qw: Goals: Normal
     0 | D:1      | 0 ||| PLANNING D:1-11
   204 | D:1      | Reached skill level 3 in Ranged Weapons
   208 | D:1      | Reached XP level 2. HP: 23/23 MP: 2/2
   450 | D:1      | Found a faded altar of an unknown god.
   556 | D:1      | 556 ||| FLEEEEING.
   559 | D:1      | 559 ||| FLEEEEING.
   564 | D:1      | 564 ||| FLEEEEING.
   565 | D:1      | 565 ||| FLEEEEING.
   566 | D:1      | 566 ||| FLEEEEING.
   567 | D:1      | 567 ||| FLEEEEING.
   568 | D:1      | 568 ||| FLEEEEING.
   576 | D:1      | Reached XP level 3. HP: 28/29 MP: 3/3
   623 | D:1      | 623 ||| FLEEEEING.
   624 | D:1      | 624 ||| FLEEEEING.
   832 | D:1      | 832 ||| UPGRADING to +0 pair of gloves.
   837 | D:1      | 837 ||| READING scroll labelled OLEFEU LEKES.
   838 | D:1      | 838 ||| READING scroll labelled SIMNO ZARA.
   892 | D:1      | 892 ||| READING scroll labelled WIOJAYDEUSH.
   893 | D:1      | 893 ||| READING scroll labelled TAZIEM BIEK.
   894 | D:1      | 894 ||| DROPPING scroll of poison.
   932 | D:2      | Reached skill level 4 in Ranged Weapons
   932 | D:2      | Reached XP level 4. HP: 29/36 MP: 4/4
   974 | D:2      | 974 ||| READING scroll of enchant armour.
   974 | D:2      | 974 ||| ENCHANTING +0 pair of gloves.
  1134 | D:2      | Found a broken altar of Ashenzari.
  1445 | D:2      | 1445 ||| READING scroll of brand weapon.
  1445 | D:2      | 1445 ||| BRANDING +1 sling of chaos.
  1553 | D:2      | 1553 ||| UPGRADING to +0 ring mail.
  1563 | D:2      | 1563 ||| DROPPING +0 robe.
  1564 | D:2      | 1564 ||| READING scroll labelled LIKUCI IKKEUNYTT.
  2238 | D:3      | 2238 ||| READING 2 scrolls labelled QONGOUPTIA.
  2238 | D:3      | Identified 2 scrolls of acquirement
  2238 | D:3      | 2238 ||| ACQUIRING +1 pair of gloves "Plog" {Contam rElec
                  | Int+6 Stlth+}
  2238 | D:3      | Acquired the +1 pair of gloves "Plog" {Contam rElec Int+6
                  | Stlth+}
  2240 | D:3      | 2240 ||| UPGRADING to +1 pair of gloves "Plog" {Contam
                  | rElec Int+6 Stlth+}.
  2250 | D:3      | 2250 ||| DROPPING +1 pair of gloves.
  2251 | D:3      | 2251 ||| READING scroll of acquirement.
  2251 | D:3      | 2251 ||| ACQUIRING +1 pair of boots of Honour {rElec}
  2251 | D:3      | Acquired the +1 pair of boots of Honour {rElec}
  2253 | D:3      | 2253 ||| UPGRADING to +1 pair of boots of Honour {rElec}.
  2258 | D:3      | 2258 ||| READING scroll labelled FOEL ETITRO.
  2259 | D:3      | 2259 ||| READING scroll labelled XYT TINGASIRIE.
  2263 | D:3      | 2263 ||| DRINKING 2 amethyst potions.
  2312 | D:4      | Reached skill level 1 in Armour
  2319 | D:4      | Noticed a scorpion
  2321 | D:4      | Reached skill level 5 in Ranged Weapons
  2322 | D:4      | HP: 9/36 [frozen (2)]
  2323 | D:4      | Killed from afar by an orc priest

Levels and vault maps discovered:
D:1:      lemuel_arrival_funnel, layout_loops_ring,
          hellmonk_ecumenical_altar_blasted, st_stairs_11, minivault_24,
          minmay_three_crescents
D:2:      layout_loops_ring, basic_altar
D:3:      layout_loops_ring, grunt_ministairs_12, nrook_mini_backslash
D:4:      layout_cave_pools, lemuel_round_altar

Skill      XL: |  1  2  3  4 |
---------------+-------------+-----
Ranged Weapons | 3 4 5 |  5.2
Fighting       | 2 |  2.1
Armour         | 1 |  1.0
Dodging        | |  2.1
Spellcasting   | |  1.0
Hexes          | |  2.0

Action                     |  1- 3 |  4- 6 || total
---------------------------+-------+-------++-------
   Fire: Sling             |   100 |    46 ||   146
    Use: Scroll            |     4 |     7 ||    11
         Potion            |       |     1 ||     1
 Armour: Robe              |     6 |     2 ||     8
         Ring mail         |       |     7 ||     7
  Dodge: Dodged            |    23 |    11 ||    34

Table legend:
 A = Non-vault XP
 B = Vault XP
 C = Vault XP percentage of total XP
 D = Non-vault monster count
 E = Vault monster count
 F = Vault count percentage of total count
                 A         B        C        D         E       F
            +---------+---------+-------+---------+---------+-------
      Total |     159 |      17 |   9.7 |      45 |      11 |  19.6
            +---------+---------+-------+---------+---------+-------
        D:1 |      41 |      14 |  25.5 |      24 |       9 |  27.3
        D:2 |      65 |       0 |   0.0 |      12 |       0 |   0.0
        D:3 |      10 |       3 |  23.1 |       7 |       2 |  22.2
        D:4 |      43 |       0 |   0.0 |       2 |       0 |   0.0
            +---------+---------+-------+---------+---------+-------
